cohdb
Replays
Latest Replays
All Replays
Popular Replays
Top Player Replays
Match Explorer
How It Works
Community
CoH3 Stats
Reddit
Sign in to upload your games and track your stats! →
Sign in with Steam
Match 42447042
Unlisted
Match 42447042
Overview
Messages
Build Orders
End
Vickers Machine Gun Team
Construct Section Command Post
Selects Indian Artillery Battlegroup
Infantry Section
Infantry Section
Infantry Section
Selects Artillery Saturation
Infantry Section
Construct Platoon Command Post
Unlock Bishop Self-propelled Artillery
CMP 15cwt Truck
Forward Retreat Point
Bishop Self-propelled Artillery
Exf
Gravey
Roque
Big Chungus
ashilrye
BuckGB
516977378
1135850126
0
0
Comments
sign in to comment!
No comments posted yet!